 Dungeon Crawl Stone Soup version 0.19.0-11-g3fc08b3 (webtiles) character file.

16 Chiseanne the Stinger (level 2, -3/20 HPs)
             Began as a Centaur Venom Mage on Nov 8, 2016.
             Killed by divine providence
             ... invoked by an orc priest
              (11 damage)
             ... on level 1 of the Dungeon.
             The game lasted 00:01:30 (1393 turns).

Chiseanne the Stinger (Centaur Venom Mage)          Turns: 1393, Time: 00:01:31

Health: -3/20      AC:  5    Str: 10    XL:     2   Next: 41%
Magic:  1/4        EV:  8    Int: 14    God:
Gold:   33         SH:  0    Dex:  9    Spells: 1 memorised, 3 levels left

rFire  . . .     SeeInvis .     e - +0 spear
rCold  . . .     Gourm    .     f - +0 ring mail
rNeg   . . .     Faith    +     (no shield)
rPois  .         Spirit   .     j - +0 hat
rElec  .         Reflect  .     (no cloak)
rCorr  .         Harm     .     (no gloves)
MR     .....                    (no barding)
Stlth  ..........               a - amulet of faith
                                (no ring)
                                (no ring)

@: very slightly contaminated, very quick
A: hooves 3, deformed body, speed 2, tough skin 3
a: no special abilities


You were on level 1 of the Dungeon.
You were not hungry.

You visited 1 branch of the dungeon, and saw 1 of its levels.

You collected 33 gold pieces.

Inventory:

Hand Weapons
 e - a +0 spear (weapon)
Missiles
 g - 3 javelins (quivered)
 i - a stone
 k - 24 bolts
Armour
 f - a +0 ring mail (worn)
 j - a +0 hat (worn)
Jewellery
 a - an amulet of faith (around neck)
Scrolls
 d - 2 scrolls of identify {unknown}
 h - a scroll of magic mapping {unknown}
Books
 b - a Young Poisoner's Handbook

   Spells                             Type                      Level
   a - Sting                          Conjuration/Poison           1
   b - Mephitic Cloud                 Conjuration/Poison/Air       3
   c - Olgreb's Toxic Radiance        Poison                       4
   d - Alistair's Intoxication        Transmutation/Poison         5
   e - Venom Bolt                     Conjuration/Poison           5
Comestibles
 c - a bread ration


   Skills:
 * Level 0.2 Fighting
 * Level 1.9 Dodging
 - Level 1.1 Stealth
 * Level 1.6 Spellcasting
 * Level 3.4 Poison Magic


You had 3 spell levels left.
You knew the following spells:

 Your Spells              Type           Power        Failure   Level  Hunger
a - Sting                 Conj/Pois      #...         34%         1    ##.....


Dungeon Overview and Level Annotations

Branches:
Dungeon (1/15)

Altars:


Innate Abilities, Weirdness & Mutations

You have hooves in place of feet.
Armour fits poorly on your strangely shaped body.
You cover ground very quickly.
You have extremely tough skin. (AC +3)


Message History

The orc priest casts a cantrip, but nothing happens.
An orc priest comes into view. It is wielding a club.
You hit the orc priest but do no damage.
The orc priest is heavily wounded.
The orc priest hits you but does no damage.
You hit the orc priest.
You kick the orc priest, but do no damage.
The orc priest is heavily wounded.
The orc priest hits you but does no damage.
An orc comes into view.
The orc shouts!
You hit the orc priest but do no damage.
You kick the orc priest.
The orc priest is severely wounded.
The orc priest looks more healthy.
The orc priest hits you with a short sword.
The orc priest invokes the aid of Beogh against you.
Beogh smites you!
Ouch! That really hurt!
You die...

≈≈≈≈..# #.##.......#..###.#
≈≈≈≈#.# #.##.###.##....##.#####
≈≈≈≈#.#####.##.# #....[..##......
≈≈≈≈#.......##.###.###...########
≈≈############.....# #..#########
##### ###o### #..........# ....#
#####.#####.########.# ##..#
#...oo....#.# #.# ....#
#.###@###.#.# #.# #...# #.# #)#
#.#.# ##.# #.### #.###.#
#.#.#######.[. #.## #.....#
#.#........... #..# #..####
#.#########... ##.# #..# #.# ###.
#.# #..######.# #. #.#
#.........# #. #.# ##.######## #.


You could see 2 orc priests and an orc.

Vanquished Creatures
  A dart slug (D:1)
  A giant cockroach (D:1)
  2 goblins (D:1)
  A hobgoblin (D:1)
  A kobold (D:1)
  5 bats (D:1)
  2 frilled lizards (D:1)
  2 rats (D:1)
15 creatures vanquished.

Notes
Turn   | Place    | Note
-------+----------+-------------------------------------------
     0 | D:1      | Chiseanne the Centaur Venom Mage began the quest for the Orb.
     0 | D:1      | Reached XP level 1. HP: 14/14 MP: 3/3
   702 | D:1      | Reached XP level 2. HP: 20/20 MP: 0/4
  1393 | D:1      | Killed from afar by an orc priest

Action                   || total
-------------------------++-------
Melee: Spear             ||    38
       Kick              ||     8
 Cast: Sting             ||    23
  Eat: Chunk             ||     2
Armor: Ring mail         ||    22
Dodge: Dodged            ||    15
